 Dungeon Crawl Stone Soup version 0.32-a0-40-g2adb59ae06 (webtiles) character file.

Game seed: 1628772894188272787

12028 Dittersdorf the Blocker (level 11, -9/73 HPs)
             Began as a Gargoyle Fighter on Jan 24, 2024.
             Was an Initiate of Gozag.
             Mangled by a red ugly thing (19 damage)
             ... on level 7 of the Dungeon.
             The game lasted 00:18:22 (11183 turns).

Dittersdorf the Blocker (Gargoyle Fighter)         Turns: 11183, Time: 00:18:22

Health: -9/73      AC: 25    Str: 24    XL:     11   Next: 86%
Magic:  11/11      EV: 12    Int:  9    God:    Gozag
Gold:   2753       SH:  6    Dex: 13    Spells: 10/10 levels left

rFire   . . .        a - +9 mace "Posototy" {heavy, rElec Dex+4}
rCold   . . .        c - +0 buckler
rNeg    + . .        m - +0 plate armour
rPois   ∞            h - +0 helmet
rElec   +            (no cloak)
rCorr   +            f - +0 pair of gloves
SInv    .            (no boots)
Will    .....        b - amulet of magic regeneration Stlth
                     G - ring of resist corrosion
HPRegen 0.32/turn    z - +5 ring of evasion
MPRegen 0.52/turn

%: no passive effects
@: no status effects
A: sickness immunity, AC +8, negative energy resistance 1, electricity
resistance, torment resistance 1, petrification resistance
a: Renounce Religion, Potion Petition, Call Merchant, Bribe Branch


You were on level 7 of the Dungeon.
You worshipped Gozag.
Gozag was most pleased with you.
You visited 2 branches of the dungeon, and saw 11 of its levels.
You also visited: Ossuary.

You collected 3025 gold pieces.
You spent 175 gold pieces at shops.
You paid 97 gold pieces to Gozag.

Inventory:

Hand Weapons
 a - the +9 mace "Posototy" (weapon) {heavy, rElec Dex+4}
   (You found it on level 5 of the Dungeon)

   Dex+4:     It affects your dexterity (+4).
   rElec:     It insulates you from electricity.
 t - a +4 morningstar of draining
Missiles
 r - 3 throwing nets
Armour
 c - a +0 buckler (worn)
 f - a +0 pair of gloves (worn)
 h - a +0 helmet (worn)
 m - a +0 plate armour (worn)
Jewellery
 b - an amulet of magic regeneration (around neck)
 n - a ring of magical power
 p - a ring of protection from cold
 y - a ring of willpower
 z - a +5 ring of evasion (right hand)
 G - a ring of resist corrosion (left hand)
Wands
 l - a wand of roots (10)
 q - a wand of digging (12)
 B - a wand of light (2) (quivered)
 E - a wand of paralysis (13)
 J - a wand of flame (11)
Scrolls
 s - 3 scrolls of fear
 v - 4 scrolls of teleportation
 A - a scroll of enchant weapon
 C - a scroll of brand weapon
 K - a scroll of poison
Potions
 d - 4 potions of might
 e - 2 potions of brilliance
 g - 4 potions of magic
 i - 5 potions of heal wounds
 j - 3 potions of invisibility
 k - 5 potions of mutation
 o - a potion of berserk rage
 w - a potion of haste
 x - 2 potions of cancellation
 D - 2 potions of ambrosia
 F - 2 potions of enlightenment
 H - 2 potions of curing
 I - a potion of attraction {unknown}
Miscellaneous
 u - a condenser vane


   Skills:
 + Level 10.8 Fighting
 + Level 9.5 Maces & Flails
 + Level 10.8 Armour
 + Level 10.8 Shields


You had 10 spell levels left.
You didn't know any spells.
Your spell library contained the following spells:

 Spells                   Type           Power      Damage    Failure   Level
 Kiss of Death            Conj/Necr      0%         2d5       99%         1
 Magic Dart               Conj           0%         1d3       99%         1
 Sandblast                Erth           0%         2d4       99%         1
 Shock                    Conj/Air       0%         1d3       99%         1
 Blink                    Tloc           0%         N/A       100%        2
 Call Imp                 Summ           0%         N/A       100%        2
 Jinxbite                 Hex            0%         N/A       100%        2
 Call Canine Familiar     Summ           0%         N/A       100%        3
 Confusing Touch          Hex            0%         N/A       100%        3
 Inner Flame              Hex/Fire       0%         N/A       100%        3
 Passwall                 Erth           0%         N/A       100%        3
 Sigil of Binding         Hex            0%         N/A       100%        3
 Stone Arrow              Conj/Erth      0%         3d7       100%        3
 Swiftness                Air            0%         N/A       100%        3
 Airstrike                Air            0%         2d(0-16)  100%        4
 Brom's Barrelling Bould  Conj/Erth      0%         2d3       100%        4
 Dimensional Bullseye     Hex/Tloc       0%         N/A       100%        4
 Dispel Undead            Necr           0%         3d6       100%        4
 Irradiate                Conj/Alch      0%         3d11      100%        5
 Yara's Violent Unravell  Hex/Alch       0%         3d3       100%        5
 Enfeeble                 Hex            0%         N/A       100%        7
 Ignition                 Fire           0%         3d3       100%        8


Dungeon Overview and Level Annotations

Branches:
Dungeon (10/15)            Temple (1/1) D:5         Ossuary (visited)
   Lair: D:8-11         Orc: D:9-12

Altars:
Ashenzari
Cheibriados
Dithmenos
Elyvilon
Fedhas
Gozag
Hepliaklqana
Kikubaaqudgha
Makhleb
Nemelex Xobeh
Okawaru
Qazlal
Ru
Sif Muna
Trog
Uskayaw
Vehumet
Wu Jian
Xom
Yredelemnul
Zin
The Shining One

Shops:
D:2 *   D:10 [

Annotations:
D:7 osoart's ghost, novice DESu
D:8 3 runed translucent doors, knightboat's ghost, novice DsGl


Innate Abilities, Weirdness & Mutations

You are immune to sickness and miasma.
Your stone body is resilient. (AC +8)
You are immune to poison.
You resist negative energy. (rN+)
You are resistant to electric shocks. (rElec)
You are resistant to unholy torment.
You are immune to petrification.


Message History

Level annotation: 3 runed translucent doors, knightboat's ghost, novice DsGl Knightboat's ghost turns its malevolent gaze towards you.
There is a stone staircase leading down here.
Things that are here:
7 poisoned darts; a +0 whip
There is a stone staircase leading up, spattered with blood here.
You climb upwards.
Level annotation: 3 runed translucent doors, osoart's ghost, novice DESu
There is a stone staircase leading down here.
You see here +0 steam dragon scales.
The water moccasin hisses angrily.
The troll shouts!
You hear a horrible gurgling sound!
The gnoll shouts!
You hear an angry growl.
The black bear growls angrily.
Osoart's ghost turns its malevolent gaze towards you.
You hear a shout!
You open the gate.
The kobold brigand throws a curare-tipped dart.
The curare-tipped dart barely misses you.
Osoart's ghost casts a spell.
The red ugly thing attacks as it pursues you!
The red ugly thing misses you.
The red ugly thing attacks as it pursues you!
The red ugly thing barely misses you. You block the red ugly thing's attack.
The red ugly thing attacks as it pursues you!
The red ugly thing trunk-slaps you but does no damage.
You completely miss the red ugly thing. The red ugly thing trunk-slaps you!
You are engulfed in flames!!
You bludgeon the red ugly thing!!
The red ugly thing is heavily wounded.
The red ugly thing trunk-slaps you!
You are engulfed in flames!!
* * * LOW HITPOINT WARNING * * *
You hit the red ugly thing.
The red ugly thing is severely wounded.
The red ugly thing closely misses you. The red ugly thing trunk-slaps you.
* * * LOW HITPOINT WARNING * * *
You are engulfed in flames!!
You die...
Your body crumbles into a pile of gold.

#...#.......'[...#..#.#.#.
#>..#......S#..#..#.#.#.#.
#...#....g.g#..#.##.#.#.#.
#...#########T.#.##.#.#.#.
#..............#[##.#.#.#.
#........hW....#..##.##.#.
#)#####.rT#######..#####.#
#.# ###u# ###..###.## #.#
#@# #....#...# #.#
#.######.#..#..### #.#####
#.............#.#. #.....#
##...<......####..
#####.####.....[)...# #...
#.##.[...###.#..###.##
#.##.###.# #...##.....
#########.#..# #.#
#..##...#..
#.........#?>###.#
#.##..##.##


You could see a red ugly thing, a troll, a black bear, osoart's ghost, a gnoll
and a quokka (summoned).

Vanquished Creatures
  Erica (D:10)
  5 two-headed ogres
  A manticore (D:7)
  A gargoyle (D:7)
  An unseen horror (D:7)
  A troll (D:10)
  Sigmund (D:5)
  5 slime creatures
  6 yaks
  A wraith (D:10)
  2 steam dragons
  An acid dragon (D:10)
  3 water moccasins
  3 sky beasts
  4 orc warriors
  5 ice beasts
  A black bear (D:6)
  2 centaurs (D:8)
  4 kobold brigands
  A weeping skull (Ossuary)
  A gnoll sergeant (D:7)
  3 bullfrogs
  5 scorpions
  A burial acolyte (Ossuary)
  17 wights
  A killer bee (D:7)
  2 howler monkeys
  A human zombie (Ossuary)
  A bombardier beetle (D:7)
  3 hounds
  4 jellies
  2 gnoll boudas
  7 orc priests
  An iguana (D:5)
  A sleepcap (D:7)
  9 orc wizards
  4 mummies (Ossuary)
  19 gnolls
  3 adders (D:2)
  A shadow imp (D:7)
  3 white imps
  2 ufetubi (D:5)
  3 dart slugs
  9 ribbon worms
  40 orcs
  6 ball pythons
  5 bats
  2 endoplasms
  2 giant cockroaches
  3 gnoll zombies (Ossuary)
  9 goblins
  10 hobgoblins
  7 jackals (D:3)
  2 quokkas (D:3)
  3 frilled lizards
  33 kobolds
  2 kobold zombies (Ossuary)
  2 orc zombies (Ossuary)
  10 rats
288 creatures vanquished.

Vanquished Creatures (others)
  2 orc wizards
2 creatures vanquished.

Grand Total: 290 creatures vanquished

Notes
Turn   | Place    | Note
-------+----------+-------------------------------------------
     0 | D:1      | Dittersdorf the Gargoyle Fighter began the quest for the
                  | Orb.
     0 | D:1      | Reached XP level 1. HP: 14/14 MP: 1/1
   303 | D:1      | Reached XP level 2. HP: 19/19 MP: 2/2
  1012 | D:2      | Reached XP level 3. HP: 24/24 MP: 3/3
  1048 | D:2      | Found Jirras's Assorted Antiques.
  1180 | D:2      | Reached XP level 4. HP: 29/29 MP: 4/4
  1320 | D:2      | Found a faded altar of an unknown god.
  2265 | D:3      | Reached XP level 5. HP: 33/33 MP: 5/5
  2461 | D:2      | Bought a glowing morningstar for 175 gold pieces
  2502 | D:4      | Found a sand-covered staircase.
  2517 | Ossuary  | Entered an ossuary
  2531 | Ossuary  | Noticed a weeping skull
  2538 | Ossuary  | Killed a weeping skull
  2587 | Ossuary  | Reached XP level 6. HP: 23/39 MP: 6/6
  3224 | D:4      | Reached skill level 5 in Fighting
  3224 | D:4      | Reached skill level 5 in Armour
  3318 | D:4      | Reached skill level 5 in Shields
  3318 | D:4      | Reached XP level 7. HP: 40/44 MP: 7/7
  3449 | D:4      | Found a shimmering blue altar of Sif Muna.
  4127 | D:5      | Entered Level 5 of the Dungeon
  4162 | D:5      | Identified the +9 mace "Posototy" {heavy, rElec Dex+4}
  4202 | D:5      | Found a staircase to the Ecumenical Temple.
  4211 | Temple   | Entered the Ecumenical Temple
  4218 | Temple   | Became a worshipper of Gozag Ym Sagoz the Greedy
  4238 | D:5      | Found the +7 staff of the Meek {protect, meekguard}
  4365 | D:5      | Reached XP level 8. HP: 45/51 MP: 8/8
  4722 | D:5      | Noticed Sigmund
  4733 | D:5      | Killed Sigmund
  4734 | D:5      | Reached skill level 5 in Maces & Flails
  5443 | D:6      | Noticed a two-headed ogre
  5449 | D:6      | Killed a two-headed ogre
  5450 | D:6      | Reached XP level 9. HP: 20/57 MP: 9/9
  5925 | D:7      | Found a runed translucent gate.
  5925 | D:7      | Found a runed translucent gate.
  5925 | D:7      | Found a runed translucent gate.
  5926 | D:7      | Noticed osoart's ghost (novice DESu)
  5932 | D:7      | Noticed a troll
  5932 | D:7      | Noticed a red ugly thing
  6052 | D:7      | Reached XP level 10. HP: 64/64 MP: 10/10
  6241 | D:7      | Noticed a two-headed ogre
  6241 | D:7      | Noticed a gargoyle
  6241 | D:7      | Noticed a manticore
  6243 | D:7      | Noticed a two-headed ogre
  6401 | D:6      | Killed a two-headed ogre
  6558 | D:7      | Killed a manticore
  6818 | D:7      | Found the +3 hat of Pondering {ponderous, Will+ MP+10
                  | Int+5}
  6908 | D:7      | Killed an unseen horror
  6962 | D:7      | Identified a scroll of acquirement
  6963 | D:7      | Acquired 1000 gold pieces
  7068 | D:7      | Killed a two-headed ogre
  7113 | D:7      | Found a burning altar of Makhleb.
  7287 | D:7      | Killed a gargoyle
  7288 | D:7      | Reached XP level 11. HP: 55/72 MP: 11/11
  8035 | D:8      | Noticed knightboat's ghost (novice DsGl)
  8035 | D:8      | Found a runed translucent gate.
  8035 | D:8      | Found a runed translucent gate.
  8035 | D:8      | Found a runed translucent gate.
  8291 | D:8      | Found a sparkling altar of Nemelex Xobeh.
  8709 | D:8      | Reached skill level 10 in Armour
  8865 | D:8      | Reached skill level 10 in Fighting
  9180 | D:9      | Reached skill level 10 in Shields
  9755 | D:9      | Noticed a two-headed ogre
  9762 | D:9      | Killed a two-headed ogre
 10095 | D:9      | Found a blossoming altar of Fedhas.
 10097 | D:9      | Found an ancient bone altar of Kikubaaqudgha.
 10181 | D:10     | Entered Level 10 of the Dungeon
 10201 | D:10     | Noticed Erica
 10219 | D:10     | Killed Erica
 10236 | D:10     | Found a snail-covered altar of Cheibriados.
 10278 | D:10     | Found a shimmering altar of Xom.
 10279 | D:10     | Found a sacrificial altar of Ru.
 10664 | D:10     | Found a white marble altar of Elyvilon.
 10809 | D:10     | Noticed a two-headed ogre
 10815 | D:10     | Killed a two-headed ogre
 10963 | D:10     | Found Xisu's Antique Armour Shoppe.
 11183 | D:7      | Mangled by a red ugly thing

Illustrated notes

Levels and vault maps discovered:
D:1:      heliophobic_arrival_enchanted_forest, layout_loops_corners
D:2:      layout_rooms, ebering_ecumenical_altar_ruins, serial_shops, shop
D:3:      minmay_spotlight, layout_basic, minmay_misc_feat_alley, minmay_vboxes
D:4:      layout_basic, kennysheep_orc_sif_temple,
          lightli_ossuary_entry_decrepit_ruins
D:5:      layout_basic, temple_statues, grunt_decor_arrowhead,
          kennysheep_big_empty_room, nicolae_wormholes, uniq_sigmund
D:6:      layout_rooms
D:7:      minmay_the_grid_octo_tiled_octocenter [minmay_the_grid_octo_chip,
          minmay_the_grid_octo_toaster, minmay_the_grid_octo_fan_narrow,
          minmay_the_grid_octo_horde, minmay_the_grid_octo_prize_big_c,
          minmay_the_grid_square_5x5_inverted_slash,
          minmay_the_grid_square_5x5_n, minmay_the_grid_square_5x5_one_wall,
          minmay_the_grid_square_5x5_gyroscope], layout_loops_ring,
          lemuel_round_altar, gammafunk_ghost_split
D:8:      nicolae_whirlpool, layout_gridville, nemelex_spade_bored_becter,
          ebering_ghost_rock_garden
D:9:      layout_basic, grunt_temple_overflow_growth_and_decay
D:10:     layout_loops_ring, kennysheep_slug_shrine, elyvilon_altar_3,
          mainiacjoe_overflow_catwalk_spiral, serial_shops,
          nicolae_shop_hallway_plus, uniq_erica
Temple:   cyrus_circular_temple

Skill      XL: |  1  2  3  4  5  6  7  8  9 10 11 |
---------------+----------------------------------+-----
Armour         | 4 5 7 8 9 10 | 10.8
Shields        | 4 5 7 8 9 10 | 10.8
Fighting       | 4 5 7 8 9 10 | 10.8
Maces & Flails | 3 4 6 7 8 9 |  9.5

Action                     |  1- 3 |  4- 6 |  7- 9 | 10-12 || total
---------------------------+-------+-------+-------+-------++-------
  Melee: Flail             |    93 |   130 |       |       ||   223
         Morningstar       |       |    84 |    25 |       ||   109
         Mace              |       |       |   184 |   312 ||   496
  Evoke: Wand              |       |       |       |     8 ||     8
    Use: Scroll            |       |     7 |     9 |     6 ||    22
         Potion            |       |       |       |     4 ||     4
   Stab: Invisible         |       |       |       |     1 ||     1
 Armour: Scale mail        |    61 |   150 |    19 |       ||   230
         Chain mail        |       |       |   184 |       ||   184
         Plate armour      |       |       |    14 |   317 ||   331
  Dodge: Dodged            |    45 |    80 |   183 |   214 ||   522
  Block: Buckler           |    17 |    62 |    76 |   129 ||   284

Table legend: (Time is in decaauts)
 A = Elapsed time spent in this place.
 B = Non-inter-level travel time spent in this place.
 C = Inter-level travel time spent in this place.
 D = Time resting spent in this place.
 E = Time spent auto-exploring this place.
 F = Levels seen in this place.
 G = Mean time per level.
                   A        B        C        D        E       F      G
               +--------+--------+--------+--------+--------+-----+--------+
         Total |  11603 |  10927 |    676 |   1281 |   6788 |  12 |  966.9 |
       Dungeon |  11111 |  10435 |    676 |   1098 |   6767 |  10 | 1111.1 |
        Temple |     14 |     14 |      0 |      0 |      0 |   1 |   14.0 |
       Ossuary |    477 |    477 |      0 |    183 |     21 |   1 |  477.0 |
               +--------+--------+--------+--------+--------+-----+--------+

Top non-repeatable levels by time:
     D:7: 1690 daAuts
     D:8: 1471 daAuts
     D:4: 1287 daAuts
     D:5: 1202 daAuts
     D:9: 1196 daAuts
     D:1: 1001 daAuts
    D:10: 944 daAuts
     D:3: 938 daAuts
     D:6: 738 daAuts
     D:2: 640 daAuts
 Ossuary: 477 daAuts
  Temple: 14 daAuts
